 Dungeon Crawl Stone Soup version 0.31-a0-89-g637a80eef8 (webtiles) character file.

Game seed: 11481877623008196586

109 Kenran the Slasher (level 4, -2/34 HPs)
             Began as a Vampire Fighter on May 25, 2023.
             Slain by a gnoll
             ... wielding a +0 halberd
              (12 damage)
             ... on level 2 of the Dungeon.
             The game lasted 00:02:55 (1678 turns).

Kenran the Slasher (Vampire Fighter)                Turns: 1678, Time: 00:02:55

Health: -2/34      AC:  7    Str: 15    XL:     4   Next: 59%
Magic:  4/4        EV:  8    Int: 10    God:
Gold:   43         SH:  5    Dex: 15    Spells: 3/3 levels left

rFire   . . .        a - +0 long sword
rCold   . . .        c - +0 buckler
rNeg    . . .        b - +0 scale mail
rPois   .            g - +0 helmet
rElec   .            (no cloak)
rCorr   .            (no gloves)
SInv    +            (no boots)
Will    .....        (no amulet) Stlth
                     (no ring)
HPRegen 0.45/turn    (no ring)
MPRegen 0.09/turn

%: no passive effects
@: healing quickly
A: alive, fangs 3, see invisible, vampiric 2
a: Exsanguinate


You were on level 2 of the Dungeon.
You visited 1 branch of the dungeon, and saw 2 of its levels.

You collected 43 gold pieces.

Inventory:

Hand Weapons
 a - a +0 long sword (weapon)
Armour
 b - a +0 scale mail (worn)
 c - a +0 buckler (worn)
 g - a +0 helmet (worn)
Jewellery
 l - a ring of protection from fire
 q - a +6 ring of strength
Wands
 o - a wand of iceblast (3)
Scrolls
 e - a scroll of enchant weapon {unknown}
 f - 2 scrolls of fear {unknown}
 j - 2 scrolls of identify {unknown}
 m - a scroll of magic mapping {unknown}
 n - a scroll of immolation {unknown}
 p - a scroll of noise {unknown}
Potions
 d - a potion of might
 h - a potion of lignification {unknown}
 i - a potion of enlightenment {unknown}
 k - a potion of haste {unknown}
 r - a potion of degeneration {unknown}


   Skills:
 - Level 2.6 Fighting
 + Level 4.9 Long Blades
 - Level 2.4 Armour
 - Level 2.6 Shields


You had 3 spell levels left.
You didn't know any spells.
Your spell library was empty.

Dungeon Overview and Level Annotations

Branches:
Dungeon (2/15)

Altars:


Innate Abilities, Weirdness & Mutations

Your natural rate of healing is accelerated.
You have razor-sharp teeth.
You have supernaturally acute eyesight. (SInv)
You are afflicted with vampirism and can become a bat while bloodless.


Message History

You slash the hobgoblin!
You kill the hobgoblin!
No target in view!
No target in view!
You see here a hobgoblin corpse.
A worm comes into view.
You slash the worm!
The worm is heavily wounded.
You hit the worm.
The worm is almost dead.
The worm bites you.
You hit the worm.
The worm is almost dead.
The worm closely misses you.
You hit the worm. Your bite misses the worm.
The worm is almost dead.
You hit the worm but do no damage.
The worm is almost dead.
The worm closely misses you.
You slash the worm!
You kill the worm!
No target in view!
No target in view!
Found an escape hatch in the floor.
A gnoll comes into view. It is wielding a +0 halberd.
The gnoll shouts!
You block the gnoll's attack. The gnoll hits you with a +0 halberd!
You are too injured to fight recklessly!
You are too injured to fight recklessly!
You barely miss the gnoll. The gnoll hits you with a +0 halberd.
You barely miss the gnoll. You block the gnoll's attack.
You slash the gnoll! You bite the gnoll.
The gnoll is almost dead.
The gnoll hits you with a +0 halberd!
* * * LOW HITPOINT WARNING * * *
You barely miss the gnoll.
The gnoll is almost dead.
The gnoll hits you with a +0 halberd!
You die...

.####### .#.#############...##
.'.....+ .'...................
.####### #ยป##....######.....# .#
#.......# #.....# .# ####....#
#.....# .# #....## #.....# ##
#....# #......
################g...# #......
...............#@...# #......
###########.........#########....
#.................'....
#........##########....
#....#...# #.... #....#.### #..|.
#....#..## #####
#######..#############
##.............#


You could see a gnoll.

Vanquished Creatures
  Robin (D:2)
  3 gnolls
  A worm (D:2)
  A dart slug (D:2)
  A bat (D:2)
  2 endoplasms (D:1)
  2 giant cockroaches
  14 goblins
  4 hobgoblins
  9 jackals (D:1)
  4 quokkas
  5 ball pythons
  4 frilled lizards
  4 kobolds
  A rat (D:1)
56 creatures vanquished.

Notes
Turn   | Place    | Note
-------+----------+-------------------------------------------
     0 | D:1      | Kenran the Vampire Fighter began the quest for the Orb.
     0 | D:1      | Reached XP level 1. HP: 17/17 MP: 1/1
   124 | D:1      | Found a faded altar of an unknown god.
   142 | D:1      | Reached XP level 2. HP: 20/23 MP: 2/2
   150 | D:1      | Reached skill level 3 in Long Blades
   561 | D:1      | Gained mutation: You are afflicted with vampirism and can
                  | become a bat while bloodless. [Vampire growth]
   561 | D:1      | Reached XP level 3. HP: 28/28 MP: 3/3
   996 | D:1      | Reached skill level 4 in Long Blades
  1165 | D:2      | Noticed Robin
  1220 | D:2      | Killed Robin
  1221 | D:2      | Reached XP level 4. HP: 24/34 MP: 4/4
  1678 | D:2      | Slain by a gnoll

Illustrated notes

Levels and vault maps discovered:
D:1:      lightli_arrival_isolated_outpost, layout_loops_ring,
          basic_ecumenical_altar
D:2:      layout_basic, corexii_hall_statues_i, uniq_robin

Skill      XL: |  1  2  3 |
---------------+----------+-----
Long Blades    | 3 4 |  4.9
Fighting       | |  2.6
Armour         | |  2.4
Shields        | |  2.6

Action                     |  1- 3 |  4- 6 || total
---------------------------+-------+-------++-------
  Melee: Long sword        |   139 |    36 ||   175
         Bite              |     8 |     2 ||    10
 Armour: Scale mail        |    57 |     7 ||    64
  Dodge: Dodged            |    51 |     8 ||    59
  Block: Buckler           |    36 |    10 ||    46

Table legend: (Time is in decaauts)
 A = Elapsed time spent in this place.
 B = Non-inter-level travel time spent in this place.
 C = Inter-level travel time spent in this place.
 D = Time resting spent in this place.
 E = Time spent auto-exploring this place.
 F = Levels seen in this place.
 G = Mean time per level.
                   A        B        C        D        E       F      G
               +--------+--------+--------+--------+--------+-----+--------+
         Total |   1732 |   1693 |     39 |     90 |   1070 |   2 |  866.0 |
       Dungeon |   1732 |   1693 |     39 |     90 |   1070 |   2 |  866.0 |
               +--------+--------+--------+--------+--------+-----+--------+

Top non-repeatable levels by time:
     D:2: 908 daAuts
     D:1: 823 daAuts
